 Dungeon Crawl Stone Soup version 0.31-a0-1207-g4ab8c38 (webtiles) character file.

Game seed: 2515251286176076460

1886230 Kearsarge the Merfolkian Ballista (level 27, 301/301 HPs)
             Began as a Merfolk Fighter on Dec 13, 2023.
             Was an Initiate of Gozag.
             Escaped with the Orb
             ... and 3 runes!
             The game lasted 01:27:42 (53424 turns).

Kearsarge the Merfolkian Ballista (MfFi)           Turns: 53424, Time: 01:27:42

Health: 301/301    AC: 42    Str: 30    XL:     27
Magic:  23/23      EV: 25    Int:  7    God:    Gozag
Gold:   952        SH: 16    Dex: 19    Spells: 26/26 levels left

rFire   + + .        J - +8 demon trident "Rift" {distort, reach+}
rCold   + + .        y - +2 shield of Resistance {rF++ rC++ Will++}
rNeg    + + .        (body armour currently unavailable)
rPois   ∞            g - +1 helmet of Gelexebete {+Blink rElec Stlth+}
rElec   +            D - +2 cloak
rCorr   +            (gloves currently unavailable)
SInv    +            (boots currently unavailable)
Will    ++++.        k - amulet "Torruskumn" {Spirit rF- rN+ Regen+ Slay+3}
Stlth   +            h - ring of Tivuken {rCorr Str+3 Slay+4}
HPRegen 1.50/turn    S - ring of see invisible
MPRegen 0.18/turn

%: guardian spirit
@: statue-form, studying Maces & Flails, very slow
A: slow and powerful, torment resistance 1, boosted hp, (nimble swimmer 2),
mertail, agile 1, fire resistance 1, screaming 1
0: Orb of Zot
}: 3/15 runes: serpentine, barnacled, silver
a: Begin Untransformation, Renounce Religion, Evoke Blink, Potion Petition, Call
Merchant, Bribe Branch


You escaped.
You worshipped Gozag.
Gozag was pleased with you.
You were a living statue of rough stone.
You visited 10 branches of the dungeon, and saw 48 of its levels.
You also visited: Sewer and Desolation.

You collected 30561 gold pieces.
You spent 7630 gold pieces at shops.
You paid 21979 gold pieces to Gozag.

Inventory:

Hand Weapons
 J - the +8 demon trident "Rift" (weapon) {distort, reach+}
   (You bought it in a shop on level 12 of the Dungeon)
Missiles
 t - 6 throwing nets
Armour
 g - the +1 helmet of Gelexebete (worn) {+Blink rElec Stlth+}
   (You bought it in a shop on level 2 of the Orcish Mines)

   rElec:     It insulates you from electricity.
   +Blink:    It lets you blink.
   Stlth+:    It makes you more stealthy.
 y - the +2 shield of Resistance (worn) {rF++ rC++ Will++}
   (You bought it in a shop on level 3 of the Dungeon)

   rF++:      It greatly protects you from fire.
   rC++:      It greatly protects you from cold.
   Will++:    It greatly increases your willpower.
 D - a +2 cloak (worn)
Jewellery
 d - an amulet of the acrobat
 h - the ring of Tivuken (left fist) {rCorr Str+3 Slay+4}
   (You found it on level 5 of the Vaults)

   [ring of slaying]

   Str+3:     It affects your strength (+3).
   Slay+4:    It affects your accuracy & damage with ranged weapons and melee
   (+4).
   rCorr:     It protects you from acid and corrosion.
 k - the amulet "Torruskumn" (around neck) {Spirit rF- rN+ Regen+ Slay+3}
   (You found it on level 2 of the Snake Pit)

   [amulet of guardian spirit]

   Spirit:    It causes incoming damage to be divided between your reserves of
   health and magic.
   Slay+3:    It affects your accuracy & damage with ranged weapons and melee
   (+3).
   rF-:       It makes you vulnerable to fire.
   rN+:       It protects you from negative energy.
   Regen+:    It increases your rate of health regeneration.
 H - the ring of Lilacs {rF+ rC+ Dex+3}
   (You acquired it on level 15 of the Dungeon)

   [ring of protection from fire]

   Dex+3:     It affects your dexterity (+3).
   rF+:       It protects you from fire.
   rC+:       It protects you from cold.
 S - a ring of see invisible (right fist)
 T - a ring of magical power
Talismans
 X - a granite talisman (active)
Wands
 e - a wand of flame (59)
 w - a wand of acid (50)
 x - a wand of mindburst (37)
 B - a wand of roots (63)
 I - a wand of paralysis (43)
 K - a wand of polymorph (32)
 M - a wand of digging (21)
Scrolls
 i - 4 scrolls of blinking
 l - 6 scrolls of amnesia
 m - 3 scrolls of fear
 n - 19 scrolls of teleportation
 r - 3 scrolls of revelation
 A - 5 scrolls of butterflies
 F - 5 scrolls of immolation
 N - 8 scrolls of poison
 R - a scroll of silence
 V - 2 scrolls of torment
 W - 4 scrolls of fog
 Z - 6 scrolls of enchant armour
Potions
 a - a potion of mutation
 b - 6 potions of attraction
 c - 2 potions of berserk rage
 f - 7 potions of brilliance
 j - 3 potions of resistance
 o - 6 potions of heal wounds
 p - 5 potions of enlightenment
 s - 17 potions of curing
 v - 2 potions of magic
 z - 7 potions of lignification
 E - a potion of invisibility
 G - 4 potions of might
 L - 2 potions of haste
 P - 3 potions of ambrosia
 Q - a potion of cancellation
Miscellaneous
 q - a phantom mirror
 u - a phial of floods
 C - a condenser vane
 O - a box of beasts
 Y - a lightning rod (4/4)


   Skills:
 + Level 22.3 Fighting
 - Level 24.6 Polearms
 O Level 27 Throwing
 - Level 2.1 Armour
 - Level 18.7 Dodging
 - Level 13.6 Shields
 - Level 24.1 Shapeshifting


You had 26 spell levels left.
You didn't know any spells.
Your spell library contained the following spells:

 Spells                   Type           Power      Damage    Failure   Level
 Apportation              Tloc           0%         N/A       54%         1
 Foxfire                  Conj/Fire      0%         2x1d4     54%         1
 Kiss of Death            Conj/Necr      0%         2d5       54%         1
 Magic Dart               Conj           0%         1d3       54%         1
 Necrotise                Necr           0%         1d4       54%         1
 Slow                     Hex            0%         N/A       54%         1
 Summon Small Mammal      Summ           0%         N/A       54%         1
 Blink                    Tloc           0%         N/A       69%         2
 Call Imp                 Summ           0%         N/A       69%         2
 Cigotuvi's Dreadful Rot  Necr/Pois/Air  0%         N/A       69%         2
 Ensorcelled Hibernation  Hex/Ice        0%         N/A       69%         2
 Jinxbite                 Hex            0%         N/A       69%         2
 Passwall                 Tmut/Erth      0%         N/A       69%         2
 Poisonous Vapours        Pois/Air       0%         N/A       69%         2
 Searing Ray              Conj           0%         2d4       69%         2
 Static Discharge         Conj/Air       0%         3-3/arc   69%         2
 Wereblood                Tmut           0%         N/A       69%         2
 Call Canine Familiar     Summ           0%         N/A       89%         3
 Confusing Touch          Hex            0%         N/A       89%         3
 Frozen Ramparts          Ice            0%         1d1       89%         3
 Gell's Gravitas          Tloc           0%         N/A       89%         3
 Ignite Poison            Fire/Tmut/Pois 0%         N/A       89%         3
 Inner Flame              Hex/Fire       0%         N/A       89%         3
 Mephitic Cloud           Conj/Pois/Air  0%         N/A       89%         3
 Sigil of Binding         Hex            0%         N/A       89%         3
 Summon Guardian Golem    Hex/Summ       0%         N/A       89%         3
 Swiftness                Air            0%         N/A       89%         3
 Teleport Other           Tloc           0%         N/A       89%         3
 Vampiric Draining        Necr           0%         2d6       89%         3
 Anguish                  Hex/Necr       0%         N/A       100%        4
 Animate Armour           Summ/Erth      0%         N/A       100%        4
 Cause Fear               Hex            0%         N/A       100%        4
 Dimensional Bullseye     Hex/Tloc       0%         N/A       100%        4
 Flame Wave               Conj/Fire      0%         2d4       100%        4
 Leda's Liquefaction      Hex/Erth       0%         N/A       100%        4
 Manifold Assault         Tloc           0%         N/A       100%        4
 Passage of Golubria      Tloc           0%         N/A       100%        4
 Petrify                  Tmut/Erth      0%         N/A       100%        4
 Sticky Flame             Conj/Fire      0%         2d3       100%        4
 Summon Ice Beast         Ice/Summ       0%         N/A       100%        4
 Summon Lightning Spire   Summ/Air       0%         N/A       100%        4
 Vhi's Electric Charge    Tloc/Air       0%         N/A       100%        4
 Agony                    Necr           0%         N/A       100%        5
 Arcjolt                  Conj/Air       0%         1d10      100%        5
 Fireball                 Conj/Fire      0%         3d3       100%        5
 Freezing Cloud           Conj/Ice/Air   0%         6-21      100%        5
 Irradiate                Conj/Tmut      0%         3d11      100%        5
 Iskenderun's Battlesphe  Conj           0%         2d6       100%        5
 Lee's Rapid Deconstruct  Erth           0%         3d4*      100%        5
 Metabolic Englaciation   Hex/Ice        0%         N/A       100%        5
 Summon Forest            Summ/Tloc      0%         N/A       100%        5
 Summon Mana Viper        Hex/Summ       0%         N/A       100%        5
 Yara's Violent Unravell  Hex/Tmut       0%         3d3       100%        5
 Bombard                  Conj/Erth      0%         9d1       100%        6
 Dispersal                Tloc           0%         N/A       100%        6
 Eringya's Noxious Bog    Tmut/Pois      0%         4d6       100%        6
 Plasma Beam              Fire/Air       0%         2x1d10    100%        6
 Starburst                Conj/Fire      0%         6d3       100%        6
 Summon Cactus Giant      Summ           0%         N/A       100%        6
 Enfeeble                 Hex            0%         N/A       100%        7
 Monstrous Menagerie      Summ           0%         N/A       100%        7
 Ozocubu's Refrigeration  Ice            0%         4d7       100%        7
 Spellforged Servitor     Conj/Summ      0%         N/A       100%        7
 Summon Hydra             Summ           0%         N/A       100%        7
 Borgnjor's Revivificati  Necr           0%         N/A       100%        8
 Disjunction              Tloc           0%         N/A       100%        8
 Ignition                 Fire           0%         3d3       100%        8
 Infestation              Necr           0%         N/A       100%        8
 Maxwell's Capacitive Co  Air            0%         ∞         100%        8
 Dragon's Call            Summ           0%         N/A       100%        9
 Polar Vortex             Ice            0%         N/A       100%        9
 Sublimation of Blood     Necr           Unusable   N/A       N/A         2
 Animate Dead             Necr           Unusable   N/A       N/A         4
 Simulacrum               Ice/Necr       Unusable   N/A       N/A         6

Dungeon Overview and Level Annotations

Branches:
Dungeon (15/15)            Temple (1/1) D:4            Lair (5/5) D:9
 Shoals (4/4) Lair:2        Snake (4/4) Lair:3        Slime (0/5) Lair:5
    Orc (2/2) D:10            Elf (3/3) Orc:2        Vaults (5/5) D:13
  Crypt (0/3) Vaults:2     Depths (4/4) D:15            Zot (5/5) Depths:4
  Sewer (visited)         Desolation (visited)

Altars:
Ashenzari
Cheibriados
Dithmenos
Elyvilon
Fedhas
Gozag
Hepliaklqana
Kikubaaqudgha
Makhleb
Nemelex Xobeh
Okawaru
Qazlal
Ru
Sif Muna
Trog
Uskayaw
Vehumet
Wu Jian
Xom
Yredelemnul
Zin
The Shining One
Jiyva

Shops:
D:3 [   D:12 ?=((   D:13 **   Orc:1 [   Orc:2 ([:*   Elf:1 *(**?   Elf:3 [
Shoals:1 =   Snake:4 =*::=   Vaults:1 =(   Vaults:4 [   Depths:4 ?

Portals:
Hell: Depths:2 Depths:4
Abyss: Depths:2
Pandemonium: Depths:2
Trove: D:10 (give +4 ice dragon scales)

Annotations:
D:5 2 transporters
Lair:4 2 runed translucent doors, Benop's ghost, journeyman TeAE
Lair:5 1 runed translucent door, exclusion: obsidian statue
Shoals:3 3 runed translucent doors, magiryoung's ghost, adept DsHs
Abyss:1 Plog's ghost, master TrFi


Innate Abilities, Weirdness & Mutations

You are a living statue of rough stone.
Your actions are slow, but your melee attacks are powerful.
You are resistant to unholy torment.
Your maximum health is greatly increased.
Your equipment is partially melded.
You are immune to poison.
((You are very nimble when in or above water. (Stealth+, EV+, Speed+++)))
Your lower body shifts to a powerful aquatic tail in water.
You are agile. (Dex +4, Str/Int -1)
Your flesh is heat resistant. (rF+)
You occasionally shout uncontrollably at your foes.


Message History

The sun demon is severely wounded.
The sun demon blinks!
You spit the sun demon like a pig!!!
You kill the sun demon!
No target in view!
No target in view!
No target in view!
No target in view!
No target in view!
No target in view!
What level of the Dungeon? (default 1, ? - help) HP restored.
There is a stone staircase leading up here.
You climb upwards.
There is a stone staircase leading down here.
There is a stone staircase leading up here.
You climb upwards.
There is a stone staircase leading down here.
There is a stone staircase leading up here.
You climb upwards.
There is a stone staircase leading down here.
Aiming: Dig
Press: ? - help, Q - select action, (/) - cycle Shift-Dir - straight line A rock wall.
This square is covered in magical glow.
The rock shatters into small pieces.
Blink to where?
Press: ? - help, Q - select action, (/) - cycle Dir - move target Your legs become a tail as you dive into the water.
Splash!
As you read the scroll of blinking, it crumbles to dust.
Aiming: Dig
Press: ? - help, Q - select action, (/) - cycle Shift-Dir - straight line A rock wall.
This square is covered in magical glow.
The rock shatters into small pieces.
Blink to where?
Press: ? - help, Q - select action, (/) - cycle Dir - move target
As you read the scroll of blinking, it crumbles to dust.
You have escaped!

.#...~≈≈≈~≈≈≈≈~≈≈≈≈~≈≈≈≈≈≈≈~....#
.#...~≈≈≈≈≈≈≈~≈≈≈≈≈≈≈≈≈≈≈≈≈~.....
.#...≈≈≈#+#'#≈≈≈≈≈≈≈#+#+#≈≈~.....
##...~≈≈+...##+#.#+##..>'≈≈~.....
#...~≈≈+...'.......+...'≈≈~.....
#...~~≈#+###.##.##.###+#≈~~....#
##...~≈≈≈≈'...#...#...#≈≈~~.....#
.#...~≈≈≈≈#.###...'.⌠.+≈~~..⌠...#
.#...~≈≈≈≈#.###.8.'.⌠.+~≈~..⌠...#
.#...~≈≈≈≈'...#...#...#~≈~≈.....#
.#...~~≈#'###.#####.#+#'#≈~≈....#
##...~≈≈'...#.......#...+≈≈≈....#
.#...≈≈≈'(..##+###'##...+≈≈~.....
.#...~~≈#+#+#≈≈≈≈≈≈≈#'#+#≈≈~.....
.#...~≈≈≈≈≈≈≈≈≈≈≈≈≈≈≈≈≈≈≈≈≈~.....
.#...≈≈≈≈≈≈≈≈≈≈≈≈≈≈≈≈≈≈≈≈≈≈~.....
.#...≈~~~~~~~~~~~~~≈~~~~~≈~~.....


There were no monsters in sight!

Vanquished Creatures
  3 dread liches
  4 orbs of fire
  Mennas (Vaults:3)
  3 ancient liches
  The ghost of Jeuluyli the Wrestler, a master TrFi of Okawaru (Zot:2)
  The ghost of Tuteene the Slayer, a master MiFi of Lugonu (Zot:2)
  Sojobo (Vaults:4)
  Saint Roka (Orc:2)
  A Killer Klown (Zot:5)
  A curse toe (Zot:3)
  Vashnia (Snake:4)
  13 golden dragons
  Norris (Vaults:2)
  the Enchantress (Depths:1)
  3 bone dragons
  2 electric golems
  Zenata (Vaults:3)
  12 tentacled monstrosities
  6 Orb Guardians (Zot:5)
  4 liches
  A walking crystal tome (Depths:3)
  3 quicksilver dragons
  A deep elf blademaster (Elf:3)
  Asterion (Elf:2)
  A walking frostbound tome (Depths:3)
  2 deep elf master archers (Elf:3)
  9 sphinxes
  11 titans
  An Executioner (D:4)
  Gastronok (Lair:1)
  2 death cobs
  Polyphemus (Shoals:3)
  Agnes (Snake:2)
  3 draconian monks
  7 tengu reavers
  8 storm dragons
  Donald (Shoals:1)
  6 shadow dragons
  8 fire giants
  2 balrugs
  A draconian knight (Zot:5)
  3 nagarajas (Snake:4)
  2 ghost moths
  4 deep elf sorcerers
  17 vault wardens
  A juggernaut zombie (Depths:1)
  8 deep elf elementalists (Elf:3)
  2 draconian shifters
  10 frost giants
  3 spriggan defenders (Depths:1)
  5 orc warlords
  2 draconian stormcallers
  15 very ugly things
  A caustic shrike skeleton (Depths:1)
  15 ironbound preservers
  A cacodemon (D:4)
  4 war gargoyles
  10 ironbound thunderhulks
  17 stone giants
  7 green draconians
  A lorocyproca (D:8)
  7 deep elf annihilators (Elf:3)
  5 red draconians
  4 deep elf demonologists (Elf:3)
  2 halazid warlocks (Desolation)
  6 purple draconians
  2 minotaurs (D:13)
  5 black draconians
  4 yellow draconians
  3 spark wasps
  11 dire elephants
  9 ettins
  5 merfolk impalers
  A quicksilver dragon zombie (Vaults:3)
  2 deep elf death magi (Elf:3)
  An ettin (shapeshifter) (Vaults:5)
  8 crystal guardians
  An entropy weaver (shapeshifter) (Depths:2)
  8 fire dragons
  14 yaktaur captains
  30 vault guards
  Fannar (Lair:1)
  3 deep elf high priests
  A spriggan zombie (Depths:3)
  5 entropy weavers
  A merfolk javelineer (Shoals:2)
  3 rakshasas
  8 great orbs of eyes
  8 peacekeepers
  6 hydras
  2 ragged hierophants (Desolation)
  10 anacondas
  A death knight (D:14)
  3 spriggan air magi
  13 ice dragons
  3 ogre magi
  8 centaur warriors
  6 servants of whispers (Desolation)
  2 salamander tyrants (Snake:4)
  A merfolk avatar (Shoals:1)
  2 merfolk aquamancers
  7 boulder beetles
  A catoblepas (Shoals:3)
  11 ironbound frosthearts
  2 sphinx zombies
  A two-headed ogre (shapeshifter) (Vaults:5)
  4 tengu warriors
  A sphinx skeleton (D:15)
  5 two-headed ogres
  2 alligator snapping turtles
  16 death yaks
  2 deep troll shamans
  14 satyrs (Shoals:4)
  7 hell hogs
  Urug (Lair:5)
  2 orc high priests
  15 naga warriors
  A vampire mage (D:15)
  11 dancing weapons
  4 shock serpents
  3 spriggan berserkers
  5 deep troll earth magi
  Sonja (Lair:4)
  A soul eater (D:4)
  15 naga sharpshooters
  A skyshark (shapeshifter) (Depths:2)
  6 sun demons
  Amaemon (Lair:1)
  9 deep elf knights
  2 skeletal warriors (D:15)
  14 skysharks
  A storm dragon zombie (Depths:1)
  2 fire crabs (Lair:5)
  3 spectral death yaks (Lair:5)
  3 sixfirhies
  10 hell knights
  3 glowing orange brains
  2 golden dragon zombies (Depths:1)
  An orb spider (shapeshifter) (Depths:3)
  2 deep trolls (shapeshifter)
  7 salamander mystics
  7 iron trolls
  A spectral anaconda (Lair:5)
  29 deep trolls
  A flayed ghost (Depths:2)
  An obsidian statue (Depths:2)
  A sea snake (shapeshifter) (Vaults:5)
  10 sea snakes
  A steelbarb worm (shapeshifter) (Vaults:4)
  A shadow demon (Depths:4)
  5 arcanists
  18 ironbound convokers
  3 phantasmal warriors
  31 harpies
  3 shadow dragon zombies (Depths:1)
  13 deep elf archers
  13 orc knights
  20 deep elf pyromancers
  3 bog bodies (Shoals:1)
  24 deep elf zephyrmancers
  8 lindwurms
  A shadow dragon skeleton (Vaults:3)
  5 naga ritualists
  A tengu skeleton (Depths:1)
  A tengu zombie (Depths:1)
  A mana viper (shapeshifter) (Depths:2)
  11 necromancers
  4 orc sorcerers
  42 ugly things
  14 mana vipers
  4 cyclopes
  3 human zombies
  An iron dragon zombie (Depths:1)
  A golden dragon skeleton (Depths:1)
  2 fauns (shapeshifter)
  A frost giant zombie (Vaults:3)
  15 salamanders
  14 manticores
  Maurice (Orc:1)
  An iron dragon skeleton (Depths:1)
  13 moths of wrath
  33 elephants
  A salamander (shapeshifter) (Depths:2)
  9 fauns
  A cyclops (shapeshifter) (Vaults:4)
  9 merfolk sirens
  2 kobold blastminers
  11 water nymphs
  43 black mambas
  34 slime creatures
  11 guardian serpents
  16 naga magi
  A molten gargoyle (Desolation)
  19 vault sentinels
  An orange demon (Lair:1)
  A smoke demon (D:4)
  3 torpor snails (Lair:3)
  13 cane toads
  An eye of devastation (shapeshifter) (Vaults:5)
  Maggie (Lair:2)
  3 gargoyles
  An unseen horror (shapeshifter) (Depths:2)
  An unseen horror (D:11)
  2 kobold demonologists
  2 freezing wraiths
  A dire elephant skeleton (Lair:5)
  14 rime drakes
  2 efreet
  3 tengu conjurers
  A komodo dragon (shapeshifter) (Depths:2)
  A spark wasp simulacrum (Depths:3)
  27 yaktaurs
  6 komodo dragons
  3 wind drakes
  4 trolls
  18 merfolk
  A wind drake (shapeshifter) (Depths:2)
  3 polar bears
  A polar bear (shapeshifter) (Elf:3)
  46 saltlings (Desolation)
  2 hornets (shapeshifter) (Depths:2)
  2 hornets (Depths:4)
  2 glass eyes
  A tarantella (shapeshifter) (Elf:3)
  18 blink frogs
  4 dream sheep (Lair:5)
  5 snapping turtles
  A dream sheep (shapeshifter) (Vaults:5)
  14 water elementals
  2 ynoxinuls
  A culicivora (shapeshifter) (Vaults:2)
  Sigmund (D:3)
  2 air elementals (Elf:3)
  4 spriggans
  4 shadows
  2 spriggan skeletons
  2 culicivoras
  A wyvern (shapeshifter) (Depths:2)
  A wraith (D:13)
  9 wyverns
  2 hogs (shapeshifter) (Depths:2)
  42 yaks
  4 fire elementals
  An elf zombie (Vaults:3)
  9 redbacks
  A steam dragon (D:6)
  16 vampire mosquitoes
  9 basilisks
  2 spectral cane toads (Lair:5)
  3 death yak simulacra (Lair:5)
  An elf skeleton (Vaults:3)
  43 nagas
  2 wargs (Orc:2)
  2 acid dragons
  12 water moccasins
  A water moccasin (shapeshifter) (D:13)
  8 hell hounds
  Pargi (Sewer)
  A black bear (D:5)
  42 orc warriors
  2 elephant zombies (Lair:5)
  4 ice beasts (D:9)
  A sky beast (D:8)
  The ghost of jinorc the Covered, an amateur MiFi (D:3)
  4 boggarts (Vaults:2)
  A deep troll simulacrum (Vaults:4)
  7 ogres
  14 wolves
  4 centaurs
  3 elephant skeletons (Lair:5)
  A tengu (shapeshifter) (Depths:2)
  3 phantoms
  5 kobold brigands
  A brain worm (Sewer)
  8 earth elementals
  17 bullfrogs
  4 gnoll sergeants
  3 scorpions
  2 glowing shapeshifter simulacra (Vaults:3)
  14 wights
  3 cane toad simulacra (Lair:5)
  3 human simulacra
  3 elephant simulacra (Lair:5)
  10 electric eels
  8 howler monkeys
  A hound (D:4)
  2 lava snakes (Lair:3)
  A sleepcap (D:6)
  4 jellies
  21 orc priests
  Crazy Yiuf (D:7)
  3 gnoll boudas
  2 iguanas (D:6)
  21 orc wizards
  20 hell rats
  Robin (D:4)
  39 gnolls
  11 adders
  2 shadow imps
  12 white imps (D:13)
  4 worms
  4 dart slugs
  85 orcs
  5 endoplasms
  4 giant cockroaches
  11 goblins
  13 hobgoblins
  A quokka (D:4)
  7 ball pythons
  A bat (D:2)
  5 frilled lizards
  15 kobolds
  7 rats
  A ball lightning (D:4)
2063 creatures vanquished.

Vanquished Creatures (collateral kills)
  A Killer Klown (Zot:5)
  8 Orb Guardians (Zot:5)
  An Executioner (Zot:5)
  A ghost moth (Zot:5)
  A red draconian (Zot:5)
  An ettin (Orc:2)
  A glowing orange brain (Zot:5)
  2 moths of wrath (Zot:5)
  An ogre (Orc:2)
  A spectral weapon (Zot:5)
18 creatures vanquished.

Vanquished Creatures (others)
  4 dread liches (Zot:5)
  An ancient lich (Zot:5)
  2 pandemonium lords (D:4)
  A Killer Klown (Zot:5)
  An electric golem (Zot:5)
  7 Orb Guardians (Zot:5)
  A death cob (Zot:5)
  A tengu reaver (Vaults:5)
  An ironbound preserver (Vaults:5)
  A yellow draconian (Zot:5)
  A yaktaur captain (Vaults:5)
  A ragged hierophant (Desolation)
  2 deep elf pyromancers (Elf:3)
  A phantasmal warrior (Vaults:5)
  An ironbound convoker (Vaults:1)
  A moth of wrath (Zot:5)
  A guardian serpent (Desolation)
  A black mamba (Snake:4)
  A hellwing (D:4)
  A saltling (Desolation)
  A yak (Lair:5)
  A water elemental (Elf:3)
  An orc priest (Orc:1)
  5 ball lightnings (D:4)
  A spectral weapon (Zot:5)
40 creatures vanquished.

Grand Total: 2121 creatures vanquished

Notes
Turn   | Place    | Note
-------+----------+-------------------------------------------
     0 | D:1      | Kearsarge the Merfolk Fighter began the quest for the Orb.
     0 | D:1      | Reached XP level 1. HP: 18/18 MP: 1/1
   218 | D:1      | Reached XP level 2. HP: 24/24 MP: 2/2
   801 | D:2      | Reached XP level 3. HP: 20/30 MP: 3/3
  1200 | D:2      | Reached XP level 4. HP: 37/37 MP: 4/4
  1585 | D:3      | Found a broken altar of Ashenzari.
  1764 | D:3      | Found a runed translucent door.
  1765 | D:3      | Noticed jinorc's ghost (amateur MiFi)
  1785 | D:3      | Killed jinorc's ghost
  1786 | D:3      | Reached XP level 5. HP: 15/43 MP: 5/5
  2108 | D:3      | Noticed Sigmund
  2117 | D:3      | Killed Sigmund
  2118 | D:3      | Reached skill level 5 in Fighting
  2118 | D:3      | Reached XP level 6. HP: 51/51 MP: 6/6
  2255 | D:3      | Found Natre's Armour Boutique.
  2350 | D:4      | Found a staircase to the Ecumenical Temple.
  2359 | Temple   | Entered the Ecumenical Temple
  2371 | Temple   | Became a worshipper of Gozag Ym Sagoz the Greedy
  2397 | D:4      | Noticed Robin
  2432 | D:4      | Killed Robin
  2640 | D:4      | Found a glowing drain.
  2652 | Sewer    | Entered a sewer
  2662 | Sewer    | Reached XP level 7. HP: 56/56 MP: 7/7
  2740 | Sewer    | Noticed Pargi
  2754 | Sewer    | Killed Pargi
  3829 | D:5      | Entered Level 5 of the Dungeon
  3949 | D:5      | Found a transporter.
  3979 | D:5      | Reached XP level 8. HP: 40/65 MP: 8/8
  4085 | D:5      | Reached skill level 10 in Polearms
  4329 | D:5      | Found an ornate altar of the Wu Jian Council.
  4370 | D:5      | Found a transporter.
  5010 | D:3      | Bought the +2 shield of Resistance {rF++ rC++ Will++} for
                  | 705 gold pieces
  5010 | D:3      | Found the +2 shield of Resistance {rF++ rC++ Will++}
  5424 | D:6      | Reached XP level 9. HP: 63/74 MP: 9/9
  6483 | D:7      | Found a runed translucent door.
  6484 | D:7      | Noticed Crazy Yiuf
  6513 | D:7      | Killed Crazy Yiuf
  6892 | D:3      | Bought a +1 plate armour of poison resistance for 320 gold
                  | pieces
  7163 | D:8      | Reached XP level 10. HP: 82/83 MP: 10/10
  7291 | D:8      | Reached skill level 15 in Polearms
  7836 | D:9      | Reached skill level 10 in Fighting
  8050 | D:9      | Found a staircase to the Lair.
  8604 | D:10     | Entered Level 10 of the Dungeon
  8619 | D:10     | Identified the +5 ring mail of Articulation {SInv}
  8636 | D:10     | Found a staircase to the Orcish Mines.
  8642 | D:10     | Reached XP level 11. HP: 81/93 MP: 11/11
  8733 | D:10     | Identified the +1 dagger "Dyclun" {heavy, rC+ Int-2 Dex+4}
  8962 | D:10     | Found a portal to a secret trove of treasure.
  9129 | D:10     | Found a sparkling altar of Nemelex Xobeh.
  9141 | D:10     | Found a white marble altar of Elyvilon.
  9221 | D:10     | Noticed a hell knight
  9228 | D:10     | Killed a hell knight
  9348 | D:10     | Noticed a hell knight
  9351 | D:10     | Noticed a hell knight
  9353 | D:10     | Noticed a hell knight
  9356 | D:10     | Killed a hell knight
  9356 | D:10     | Noticed a hell knight
  9357 | D:10     | Noticed a hell knight
  9361 | D:10     | Noticed a necromancer
  9366 | D:10     | Killed a hell knight
  9376 | D:10     | Killed a hell knight
  9378 | D:10     | Noticed a necromancer
  9528 | D:10     | Noticed a hell knight
  9530 | D:10     | Killed a hell knight
  9538 | D:10     | Killed a hell knight
  9540 | D:10     | Killed a hell knight
  9548 | D:10     | Killed a necromancer
  9555 | D:10     | Killed a necromancer
  9674 | D:10     | Noticed a hell knight
  9685 | D:10     | Killed a hell knight
  9686 | D:10     | Reached XP level 12. HP: 46/103 MP: 12/12
 10247 | D:11     | Noticed a boulder beetle
 10256 | D:11     | Killed a boulder beetle
 10933 | Orc:1    | Entered Level 1 of the Orcish Mines
 10942 | Orc:1    | Noticed an orc warlord
 10957 | Orc:1    | Noticed Maurice
 10958 | Orc:1    | Killed an orc warlord
 10966 | Orc:1    | Killed Maurice
 11510 | Orc:1    | Noticed a sun demon
 11928 | Orc:1    | Bought a pair of jewelled gloves for 323 gold pieces
 11928 | Orc:1    | Identified the +2 pair of gloves "Agemulu" {Dex+4} (You
                  | bought it in a shop on level 1 of the Orcish Mines)
 11945 | Orc:2    | Entered Level 2 of the Orcish Mines
 11958 | Orc:2    | Noticed an orc warlord
 12234 | Orc:1    | Killed an orc warlord
 12497 | Orc:2    | Noticed an ettin
 12502 | Orc:2    | Killed an ettin
 12537 | Orc:2    | Reached XP level 13. HP: 112/112 MP: 13/13
 12595 | Orc:2    | Found a staircase to the Elven Halls.
 12698 | Orc:2    | Noticed Saint Roka
 13234 | Orc:2    | Killed Saint Roka
 13445 | Orc:2    | Found Geatod's General Store.
 13452 | Orc:2    | Found Eduuth's Antique Armour Boutique.
 13531 | Orc:2    | Bought a fading helmet for 342 gold pieces
 13531 | Orc:2    | Identified the +1 helmet of Gelexebete {+Blink rElec
                  | Stlth+} (You bought it in a shop on level 2 of the Orcish
                  | Mines)
 13558 | Orc:2    | Bought a scroll of fog for 52 gold pieces
 13558 | Orc:2    | Bought a scroll of identify for 26 gold pieces
 13624 | Orc:2    | Found Jeith's Antique Weapon Boutique.
 13721 | Orc:2    | Found Hoit's Book Boutique.
 13910 | Lair:1   | Entered Level 1 of the Lair of Beasts
 13927 | Lair:1   | Noticed Fannar
 14187 | Lair:1   | Noticed Gastronok
 14197 | Lair:1   | Killed Gastronok
 14237 | Lair:1   | Noticed Amaemon
 14243 | Lair:1   | Reached skill level 15 in Fighting
 14658 | Lair:2   | Found a staircase to the Shoals.
 14793 | Lair:2   | Reached XP level 14. HP: 80/123 MP: 14/14
 14936 | Lair:1   | Killed Amaemon
 15156 | Lair:1   | Killed Fannar
 15450 | Lair:2   | Noticed Maggie
 15463 | Lair:2   | Killed Maggie
 16045 | Lair:3   | Reached skill level 1 in Dodging
 16734 | Lair:3   | Found a runed translucent door.
 16797 | Lair:3   | Identified the +4 scimitar "Ogyitoso" {venom, rC+}
 16978 | Lair:3   | Found a staircase to the Snake Pit.
 17182 | Lair:4   | Reached skill level 5 in Dodging
 17182 | Lair:4   | Reached skill level 5 in Shields
 17547 | Lair:4   | Noticed Sonja
 17563 | Lair:4   | Killed Sonja
 18143 | Lair:4   | Found a large runed translucent door.
 18143 | Lair:4   | Found a large runed translucent door.
 18144 | Lair:4   | Noticed Benop's ghost (journeyman TeAE)
 18298 | Lair:4   | Reached XP level 15. HP: 54/130 MP: 15/15
 18525 | Lair:4   | Identified the +5 plate armour "Hat Miurieb" {Int+2}
 18756 | Lair:5   | Entered Level 5 of the Lair of Beasts
 19098 | Lair:5   | Reached skill level 10 in Dodging
 19273 | Lair:5   | Identified the +0 cloak of the Hot Ocelot {Dex+3}
 19791 | Lair:5   | Found a runed translucent door.
 19791 | Lair:5   | Found a viscous altar of Jiyva.
 19792 | Lair:5   | Noticed an azure jelly
 19887 | Lair:5   | Found a staircase to the Slime Pits.
 19887 | Lair:5   | Noticed an azure jelly
 19905 | Lair:5   | Noticed Urug
 19910 | Lair:5   | Killed Urug
 20478 | Lair:5   | Reached skill level 10 in Shields
 21060 | D:12     | Bought a scroll of teleportation for 42 gold pieces
 21060 | D:12     | Bought 2 scrolls of teleportation for 84 gold pieces
 21060 | D:12     | Bought a scroll of poison for 56 gold pieces
 21060 | D:12     | Bought a scroll of blinking for 105 gold pieces
 21062 | D:12     | Bought the ring of Oluitit {rPois AC+4} for 660 gold pieces
 21270 | Snake:1  | Entered Level 1 of the Snake Pit
 21659 | Snake:1  | Reached XP level 16. HP: 88/138 MP: 16/16
 22740 | Snake:2  | Found a transporter.
 23082 | Snake:2  | Found a transporter.
 23085 | Snake:2  | Identified the amulet "Torruskumn" {Spirit rF- rN+ Regen+
                  | Slay+3}
 23103 | Snake:2  | Identified the ring of Contention {Wiz *Slow MP-9 Str+9
                  | Int+3}
 23390 | Snake:2  | Noticed Agnes
 23403 | Snake:2  | Killed Agnes
 23672 | Snake:3  | Reached skill level 15 in Dodging
 24938 | Snake:4  | Entered Level 4 of the Snake Pit
 24955 | Snake:4  | Found Wysip's Gadget Gallery.
 25221 | Snake:4  | Reached XP level 17. HP: 130/144 MP: 14/17
 25363 | Snake:3  | Identified a scroll of acquirement
 25364 | Snake:3  | Acquired 789 gold pieces
 25695 | Snake:4  | Found Qaneb's Book Emporium.
 25699 | Snake:4  | Found Pok Dego's Jewellery Boutique.
 25700 | Snake:4  | Found Udych's Book Emporium.
 26561 | Snake:4  | Noticed Vashnia
 26587 | Snake:4  | Killed Vashnia
 26724 | Snake:4  | Got a serpentine rune of Zot
 27171 | Shoals:1 | Entered Level 1 of the Shoals
 27192 | Shoals:1 | Reached skill level 1 in Shapeshifting
 27328 | Shoals:1 | Noticed Donald
 27358 | Shoals:1 | Killed Donald
 27522 | Shoals:1 | Reached skill level 5 in Shapeshifting
 28066 | Shoals:2 | Reached XP level 18. HP: 123/155 MP: 12/18
 28865 | Shoals:2 | Identified the +7 trident "Vuti" {antimagic, *Rage rC++}
 29038 | Shoals:3 | Reached skill level 10 in Shapeshifting
 29153 | Shoals:3 | Found a runed translucent gate.
 29153 | Shoals:3 | Found a runed translucent gate.
 29153 | Shoals:3 | Found a runed translucent gate.
 29192 | Shoals:3 | Noticed magiryoung's ghost (adept DsHs)
 29263 | Shoals:3 | Noticed Polyphemus
 29285 | Shoals:3 | Killed Polyphemus
 29852 | Shoals:4 | Entered Level 4 of the Shoals
 30395 | Shoals:4 | Reached skill level 15 in Shapeshifting
 30452 | Shoals:4 | Identified the +10 plate armour of Thoughtfulness {Harm rF-
                  | rCorr Str+2}
 30455 | Shoals:4 | Got a barnacled rune of Zot
 30538 | Shoals:4 | Reached XP level 19. HP: 130/161 MP: 16/19
 30726 | Shoals:4 | Identified the staff of Xeatunop {rCorr Int+2 Conj}
 31020 | Shoals:1 | Bought a granite talisman for 1020 gold pieces
 31169 | Elf:1    | Entered Level 1 of the Elven Halls
 31169 | Elf:1    | Found Jigoun's Assorted Antiques.
 31171 | Elf:1    | Found Archothruu's General Store.
 31189 | Elf:1    | Bought a scroll of fog for 60 gold pieces
 31189 | Elf:1    | Bought a scroll of teleportation for 45 gold pieces
 31189 | Elf:1    | Bought a potion of haste for 150 gold pieces
 31189 | Elf:1    | Bought a scroll of immolation for 60 gold pieces
 31189 | Elf:1    | Bought 2 potions of might for 120 gold pieces
 31315 | Elf:1    | Found Xothruh's Magic Scroll Shop.
 31330 | Elf:1    | Bought a scroll of revelation for 135 gold pieces
 31330 | Elf:1    | Bought a scroll of brand weapon for 171 gold pieces
 31402 | Elf:1    | Found Kopis's Weapon Emporium.
 31466 | Elf:1    | Found Kajugeav's General Store.
 31474 | Elf:1    | Bought a scroll of brand weapon for 133 gold pieces
 32134 | Elf:2    | Noticed Asterion
 32136 | Elf:2    | Found a crumbling gateway.
 32158 | Desolati | Entered the Desolation of Salt
 32724 | Desolati | Identified the amulet "Wasos" {Acrobat Harm rF++ Dex+3}
 32753 | Desolati | Identified the ring "Buurghaa" {Fire Int+2}
 32918 | Desolati | Identified the +0 plate armour "Jupsifig" {rN+}
 32940 | Desolati | Identified the ring of Cowardice {rC+ Dex+2}
 33012 | Desolati | Identified the +10 mace "Wathimos" {drain, ^Fragile Str+6}
 33020 | Desolati | Identified the +7 morningstar of the Mind {freeze, Str+7
                  | Int+2 Stlth-}
 33132 | Elf:2    | Killed Asterion
 33389 | Elf:2    | Found a shimmering blue altar of Sif Muna.
 33502 | Elf:3    | Entered Level 3 of the Elven Halls
 33510 | Elf:3    | Paralysed by an air elemental for 1 turns
 33581 | Elf:3    | Identified the staff "Feton" {*Corrode rC+ Int+6 Summ Ice}
 33610 | Elf:3    | Reached XP level 20. HP: 141/172 MP: 14/20
 33634 | Elf:3    | Identified the +2 robe of Moar {Harm rPois Int-2 Dex-2}
 33833 | Elf:3    | Identified the +3 mace of Heokk {freeze, rN++ Will+ Dex-3
                  | SInv}
 33912 | Elf:3    | Found Qax Foim's Armour Shop.
 34105 | Elf:3    | Got the Dissertation on Cleavage and the Door
 34179 | Elf:3    | Identified the +8 chain mail of the First Cities {Dex+3}
 34328 | Elf:3    | Identified the +0 ring mail of the Orb {rC+}
 34431 | Elf:3    | Paralysed by an air elemental for 1 turns
 34447 | Elf:3    | Noticed a Tzitzimitl
 34826 | Elf:3    | Identified the +0 acid dragon scales of Pantheism {Harm rF+
                  | rC+ rCorr Dex+4}
 34882 | Elf:3    | Found an ancient bone altar of Kikubaaqudgha.
 35254 | D:12     | Found an iron altar of Okawaru.
 36025 | D:13     | Found Wosamiy's Specific Store.
 36027 | D:13     | Found Kejyicw's General Store.
 36031 | D:13     | Bought a scroll of blinking for 105 gold pieces
 36031 | D:13     | Bought a scroll of revelation for 105 gold pieces
 36116 | D:13     | Found a gate to the Vaults.
 36675 | D:13     | Identified the staff "Ebboukk" {^Contam rC- rN+++ Str+5
                  | Conj}
 37099 | D:14     | Found a white marble altar of Elyvilon.
 37772 | D:12     | Bought the +8 demon trident "Rift" {distort, reach+} for
                  | 2281 gold pieces
 37772 | D:12     | Found the +8 demon trident "Rift" {distort, reach+}
 37888 | Vaults:1 | Entered Level 1 of the Vaults
 37894 | Vaults:1 | Reached XP level 21. HP: 182/182 MP: 21/21
 38467 | Vaults:1 | Found Gacilidipn's Jewellery Shop.
 38664 | Vaults:1 | Identified the +1 mace "Gaumene" {protect, rN+ Str-3
                  | Stlth+}
 39033 | Vaults:1 | Found Lamiur's Weapon Shop.
 39393 | Vaults:2 | Noticed a bone dragon
 39399 | Vaults:2 | Killed a bone dragon
 39400 | Vaults:2 | Found a staircase to the Crypt.
 40128 | Vaults:2 | Got the Book of Conflict and the Squall
 40134 | Vaults:2 | Noticed Norris
 40165 | Vaults:2 | Killed Norris
 40532 | Vaults:3 | Noticed Mennas
 40538 | Vaults:2 | Reached skill level 1 in Throwing
 40553 | Vaults:3 | Killed Mennas
 40554 | Vaults:3 | Reached skill level 2 in Throwing
 40554 | Vaults:3 | Reached XP level 22. HP: 194/194 MP: 19/22
 40603 | Vaults:3 | Reached skill level 3 in Throwing
 40627 | Vaults:3 | Reached skill level 4 in Throwing
 40657 | Vaults:3 | Reached skill level 5 in Throwing
 40748 | Vaults:3 | Reached skill level 6 in Throwing
 40835 | Vaults:3 | Reached skill level 7 in Throwing
 40948 | Vaults:3 | Reached skill level 8 in Throwing
 41189 | Vaults:3 | Reached skill level 9 in Throwing
 41562 | Vaults:3 | Noticed Zenata
 41575 | Vaults:3 | Killed Zenata
 41577 | Vaults:3 | Reached skill level 10 in Throwing
 42070 | Vaults:4 | Reached skill level 11 in Throwing
 42390 | Vaults:4 | Reached skill level 12 in Throwing
 42563 | Vaults:4 | Noticed Sojobo
 42578 | Vaults:4 | Paralysed by an air elemental for 1 turns
 42582 | Vaults:4 | Killed Sojobo
 42649 | Vaults:4 | Found Zaogall's Antique Armour Shop.
 43081 | Vaults:5 | Entered Level 5 of the Vaults
 43090 | Vaults:5 | Reached XP level 23. HP: 200/200 MP: 23/23
 43098 | Vaults:5 | Reached skill level 13 in Throwing
 43170 | Vaults:5 | Reached skill level 14 in Throwing
 43197 | Vaults:5 | Identified the +5 great sword of Certain Death {flame, rF++
                  | rN+++ Dex-2}
 43245 | Vaults:5 | Noticed a dread lich
 43253 | Vaults:5 | Killed a dread lich
 43254 | Vaults:5 | Reached skill level 15 in Throwing
 43277 | Vaults:5 | Noticed a golden dragon
 43286 | Vaults:5 | Killed a golden dragon
 43292 | Vaults:5 | Noticed a golden dragon
 43297 | Vaults:5 | Killed a golden dragon
 43325 | Vaults:5 | Reached skill level 16 in Throwing
 43349 | Vaults:5 | Noticed an ancient lich
 43353 | Vaults:5 | Killed an ancient lich
 43418 | Vaults:5 | Reached skill level 17 in Throwing
 43457 | Vaults:5 | Identified the +0 hat "Awul" {Will+ Int-5 SInv}
 43726 | Vaults:5 | Got a silver rune of Zot
 43994 | Vaults:5 | Noticed a golden dragon
 44000 | Vaults:5 | Killed a golden dragon
 44005 | Vaults:5 | Noticed a golden dragon
 44012 | Vaults:5 | Banished a golden dragon
 44013 | Vaults:5 | Reached XP level 24. HP: 208/208 MP: 20/23
 44080 | Vaults:5 | Reached skill level 18 in Throwing
 44365 | Vaults:5 | Identified the +6 spear of the Horn {spect, ^Drain rN+
                  | rCorr Dex+4}
 44676 | Vaults:5 | Identified the ring of Tivuken {rCorr Str+3 Slay+4}
 45272 | D:15     | Entered Level 15 of the Dungeon
 45332 | D:15     | Found a staircase to the Depths.
 45464 | D:15     | Acquired the ring of Lilacs {rF+ rC+ Dex+3}
 45633 | D:15     | Reached skill level 19 in Throwing
 45895 | Depths:1 | Entered Level 1 of the Depths
 45904 | Depths:1 | Noticed the Enchantress
 45912 | Depths:1 | Killed the Enchantress
 46052 | Depths:1 | Identified the +6 morningstar of Infinite Pain {protect,
                  | ^Fragile rN+ Int+8 Dex-2}
 46114 | Depths:1 | Found a blossoming altar of Fedhas.
 46479 | Depths:1 | Found the +9 sword of Zonguldrok {reap}
 46492 | Depths:1 | Reached skill level 20 in Throwing
 46875 | Depths:2 | Identified the +6 trident of Radicalism {drain, Str+4}
 47238 | Depths:2 | Found a one-way gate leading to the halls of Pandemonium.
 47519 | Depths:2 | Found a gateway to Hell.
 47564 | Depths:2 | Reached skill level 21 in Throwing
 47731 | Depths:2 | Identified the +7 orcbow of Puucw {heavy, Str+3}
 47745 | Depths:2 | Identified the +1 morningstar "Laef" {flame, rElec Str+2
                  | Int+3}
 47932 | Depths:2 | Identified the staff "Sedotz" {rN+ Str-2 Int+3 Necro Tmut}
 48089 | Depths:2 | Found a one-way gate to the infinite horrors of the Abyss.
 48233 | Depths:3 | Found a hazy altar of Hepliaklqana.
 48332 | Depths:3 | Reached XP level 25. HP: 214/214 MP: 22/23
 48469 | Depths:3 | Reached skill level 22 in Throwing
 48602 | Depths:3 | Identified the +3 trident of Awkwardness {flame, Str+4
                  | Int+6}
 48732 | Depths:4 | Entered Level 4 of the Depths
 48854 | Depths:4 | Reached skill level 23 in Throwing
 49242 | Depths:4 | Found Nerewn's Magic Scroll Boutique.
 49250 | Depths:4 | Bought 3 scrolls of revelation for 450 gold pieces
 49250 | Depths:4 | Bought a scroll of butterflies for 80 gold pieces
 49561 | Depths:4 | Found a gate to the Realm of Zot.
 49570 | Zot:1    | Entered Level 1 of the Realm of Zot
 49619 | Zot:2    | Noticed an orb of fire
 49628 | Zot:2    | Gained mutation: Your body sometimes deteriorates upon
                  | taking damage. [an orb of fire]
 49631 | Zot:2    | Gained mutation: Your body often deteriorates upon taking
                  | damage. [an orb of fire]
 49632 | Zot:2    | Gained mutation: Your spells are a little easier to cast,
                  | but a little less powerful. [an orb of fire]
 49636 | Zot:2    | Gained mutation: You occasionally shout uncontrollably at
                  | your foes. [an orb of fire]
 49652 | Zot:2    | Gained mutation: You are clumsy. (Dex -2) [an orb of fire]
 49661 | Zot:2    | Killed an orb of fire
 49692 | Zot:2    | Reached skill level 24 in Throwing
 50032 | Zot:2    | Found the ring of the Mage {Wiz Archmagi}
 50157 | Zot:2    | Found a runed translucent gate.
 50157 | Zot:2    | Found a runed translucent gate.
 50157 | Zot:2    | Found a runed translucent gate.
 50157 | Zot:2    | Found an ancient bone altar of Kikubaaqudgha.
 50157 | Zot:2    | Noticed Plog's ghost (master TrFi)
 50157 | Zot:2    | Noticed Tuteene's ghost (master MiFi)
 50157 | Zot:2    | Noticed Jeuluyli's ghost (master TrFi)
 50157 | Zot:2    | Noticed a dread lich
 50166 | Zot:2    | Noticed a dread lich
 50270 | Zot:2    | Killed a dread lich
 50277 | Zot:2    | Killed a dread lich
 50283 | Zot:2    | Killed Jeuluyli's ghost
 50284 | Zot:2    | Reached XP level 26. HP: 222/222 MP: 19/23
 50291 | Zot:2    | Banished Plog's ghost
 50311 | Zot:2    | Killed Tuteene's ghost
 50312 | Zot:2    | Reached skill level 25 in Throwing
 50340 | Zot:2    | Got Kikubaaqudgha's Information on Wicked Liturgies
 50344 | Zot:2    | Identified the +2 hat of Misanthropy {rN+ Will- Str+4}
 50347 | Zot:2    | Identified the ring of Wauwoc {Str+4 Int+6}
 50929 | Zot:3    | Identified the +3 falchion of Fuem {heavy, rCorr Dex+3
                  | Stlth+}
 51703 | Zot:5    | Entered Level 5 of the Realm of Zot
 51835 | Zot:5    | Reached skill level 26 in Throwing
 52066 | Zot:5    | Noticed a dread lich
 52069 | Zot:5    | Identified the +5 hand axe of Moczarim {venom, rCorr SInv}
 52071 | Zot:5    | Noticed a Killer Klown
 52072 | Zot:5    | Noticed an ancient lich
 52074 | Zot:5    | Noticed an orb of fire
 52077 | Zot:5    | Noticed a dread lich
 52087 | Zot:5    | Killed a dread lich
 52090 | Zot:5    | Killed an ancient lich
 52096 | Zot:5    | Noticed an orb of fire
 52098 | Zot:5    | Noticed an orb of fire
 52103 | Zot:5    | Noticed an orb of fire
 52104 | Zot:5    | Killed a Killer Klown
 52105 | Zot:5    | Noticed a Killer Klown
 52106 | Zot:5    | Noticed a dread lich
 52107 | Zot:5    | Noticed an ancient lich
 52120 | Zot:5    | Gained mutation: Your magical capacity is low. (-10% MP)
                  | [an orb of fire]
 52126 | Zot:5    | Noticed an ancient lich
 52346 | Zot:4    | Banished an orb of fire
 52374 | Zot:5    | Noticed a Killer Klown
 52381 | Zot:4    | Killed an orb of fire
 52389 | Zot:5    | Gained mutation: Armour fits poorly on your strangely
                  | shaped body. [an orb of fire]
 52390 | Zot:5    | Killed an ancient lich
 52391 | Zot:5    | Noticed an orb of fire
 52400 | Zot:4    | Gained mutation: You are very clumsy. (Dex -4) [an orb of
                  | fire]
 52401 | Zot:4    | Killed an orb of fire
 52402 | Zot:4    | Lost mutation: Your spells are a little easier to cast, but
                  | a little less powerful. [potion of mutation]
 52402 | Zot:4    | Lost mutation: You are very clumsy. (Dex -4) [potion of
                  | mutation]
 52402 | Zot:4    | Lost mutation: Your body often deteriorates upon taking
                  | damage. [potion of mutation]
 52402 | Zot:4    | Gained mutation: Potions are less effective at restoring
                  | your health. [potion of mutation]
 52402 | Zot:4    | Gained mutation: You passively map a small area around you.
                  | [potion of mutation]
 52402 | Zot:4    | Gained mutation: You have supernaturally acute eyesight.
                  | (SInv) [potion of mutation]
 52403 | Zot:4    | Lost mutation: Armour fits poorly on your strangely shaped
                  | body. [potion of mutation]
 52403 | Zot:4    | Lost mutation: You occasionally shout uncontrollably at
                  | your foes. [potion of mutation]
 52403 | Zot:4    | Gained mutation: You are occasionally teleported next to
                  | monsters. [potion of mutation]
 52403 | Zot:4    | Gained mutation: You are partially covered in large bone
                  | plates. (SH +4) [potion of mutation]
 52404 | Zot:4    | Lost mutation: You are partially covered in large bone
                  | plates. (SH +4) [potion of mutation]
 52404 | Zot:4    | Lost mutation: You are clumsy. (Dex -2) [potion of
                  | mutation]
 52404 | Zot:4    | Lost mutation: Potions are less effective at restoring your
                  | health. [potion of mutation]
 52404 | Zot:4    | Gained mutation: You are partially covered in iridescent
                  | scales. (AC +2) [potion of mutation]
 52404 | Zot:4    | Gained mutation: You are agile. (Dex +4, Str/Int -1)
                  | [potion of mutation]
 52405 | Zot:4    | Lost mutation: Your body sometimes deteriorates upon taking
                  | damage. [potion of mutation]
 52405 | Zot:4    | Lost mutation: Your magical capacity is low. (-10% MP)
                  | [potion of mutation]
 52405 | Zot:4    | Lost mutation: You are partially covered in iridescent
                  | scales. (AC +2) [potion of mutation]
 52405 | Zot:4    | Gained mutation: Your flesh is heat resistant. (rF+)
                  | [potion of mutation]
 52406 | Zot:4    | Lost mutation: You passively map a small area around you.
                  | [potion of mutation]
 52406 | Zot:4    | Lost mutation: You have supernaturally acute eyesight.
                  | (SInv) [potion of mutation]
 52406 | Zot:4    | Gained mutation: You are partially covered in large bone
                  | plates. (SH +4) [potion of mutation]
 52406 | Zot:4    | Gained mutation: You are vulnerable to cold. (rC-) [potion
                  | of mutation]
 52406 | Zot:4    | Lost mutation: You are partially covered in large bone
                  | plates. (SH +4) [potion of mutation]
 52407 | Zot:4    | Lost mutation: You are vulnerable to cold. (rC-) [potion of
                  | mutation]
 52407 | Zot:4    | Lost mutation: You are occasionally teleported next to
                  | monsters. [potion of mutation]
 52407 | Zot:4    | Gained mutation: You occasionally shout uncontrollably at
                  | your foes. [potion of mutation]
 52497 | Zot:5    | Killed an ancient lich
 52511 | Zot:5    | Killed a Killer Klown
 52547 | Zot:5    | Gained mutation: You are dopey. (Int -2) [an orb of fire]
 52548 | Zot:5    | Lost mutation: You are dopey. (Int -2) [an orb of fire]
 52551 | Zot:5    | Killed an orb of fire
 52552 | Zot:5    | Reached skill level 27 in Throwing
 52559 | Zot:5    | Killed a Killer Klown
 52810 | Zot:5    | Got the Orb of Zot
 52844 | Zot:5    | Killed a dread lich
 52905 | Zot:2    | Noticed a seraph
 53172 | D:10     | Noticed Jimonn the pandemonium lord
 53294 | D:4      | Noticed Turivume the pandemonium lord
 53310 | D:4      | Noticed Qahedd the pandemonium lord
 53315 | D:4      | Killed Turivume the pandemonium lord
 53315 | D:4      | Killed Qahedd the pandemonium lord
 53325 | D:4      | Reached XP level 27. HP: 231/231 MP: 19/23
 53424 | D:$      | Escaped with the Orb!

Illustrated notes

Levels and vault maps discovered:
D:1:      dpeg_arrival_castle, layout_basic
D:2:      layout_loops_cross, st_stairs_6
D:3:      layout_basic, nicolae_ashenzari_panopticon, serial_shops,
          nicolae_shop_trees, ebering_ghost_reflecting_pool, uniq_sigmund
D:4:      wad_river_or_something, layout_layer_cave,
          minmay_temple_entry_statues_fountains, portal_sewer_entry_d,
          uniq_robin
D:5:      gammafunk_steamed_eel, layout_loops_cross, nzn_wu_jian_contemplation
D:6:      layout_loops_cross
D:7:      layout_basic, uniq_crazy_yiuf_cottage
D:8:      layout_loops_cross, grunt_ministairs_10, chequers_serial_rivers_room_a
D:9:      layout_gridville, hellmonk_lair_entry_icy
D:10:     layout_cave_pools, mainiacjoe_overflow_big_doors, enter_trove_3,
          minmay_rotating_lava
D:11:     layout_long_grid, palyth_stone_intersect
D:12:     layout_basic, special_room [special_room_orc],
          kennysheep_okawaru_gauntlet
D:13:     fort_yaktaur, layout_basic, skrybe_vaults_entry_preservation,
          portal_ice_cave_entry_imps, nicolae_specific_store,
          kennysheep_generic_room_8
D:14:     layout_basic, minmay_misc_feat_tower, elyvilon_altar_5
D:15:     gammafunk_depths_entry_grave, layout_grid_maze, special_room
          [special_room_mythical_zoo], nicolae_wwwww
Temple:   mainiacjoe_temple_coin_purse
Lair:1:   layout_big_grid, grunt_megastairs_5, uniq_amaemon, uniq_fannar,
          uniq_gastronok
Lair:2:   layout_gridlike, elwin_shoals_entry_rooms, lemuel_old_faithful,
          serial_bayou_shore_a, uniq_maggie
Lair:3:   layout_concentric_octagons, nicolae_snake_entry_warm_welcome,
          pf_torpor_hydra, grunt_megastairs_2, serial_bayou_shore_b,
          lemuel_fruit_tree
Lair:4:   nzn_winding_woodlands_three_and_one [nzn_winding_woodlands_5x15_eye,
          nzn_winding_woodlands_5x15_zeroes,
          nzn_winding_woodlands_5x15_sawtooth,
          nzn_winding_woodlands_center_pierced_h], layout_loops_ring,
          ebering_ghost_disaster_area, uniq_sonja
Lair:5:   due_jungle_book, layout_cave_pods, slime_entry_2, grunt_megastairs_1,
          uniq_urug
Shoals:1: layout_shoals, nicolae_shoals_secluded_bog, uniq_donald
Shoals:2: cheibrodos_shoals_epimethial_gifts, layout_shoals
Shoals:3: layout_shoals, gammafunk_ghost_tricky_traps, uniq_polyphemus
Shoals:4: shoals_end_hellmonk_lost_city
Snake:1:  layout_onion_interference
Snake:2:  gammafunk_its_a_trap, layout_honeycomb, nicolae_coiled_stairwell_down,
          uniq_agnes
Snake:3:  layout_onion, serial_bayou_shore_b
Snake:4:  grunt_snake_rune_serpentine_throne, layout_cave_town,
          nicolae_shop_gadgets, minmay_shop_grove
Orc:1:    layout_caves, minmay_orc_keep, uniq_maurice
Orc:2:    grunt_orc_cross, layout_caves
Elf:1:    layout_loops_cross, serial_shops, shop_scrolls, shop, shop,
          nicolae_shop_advertising_works [nicolae_subvault_shop_adworks], shop,
          kb_rosetta
Elf:2:    elven_hall_of_blades_hangedman_alternative
          [infiniplex_blade_entry_pillars], layout_geoelf_octagon,
          portal_desolation_entry_nicolae_slug, basic_altar, solitary_fountain,
          uniq_asterion
Elf:3:    grunt_elf_hall_spiral, layout_gridlike, serial_shops, shop,
          basic_altar, onia_ninara_cookie
Vaults:1: vaults_mumra_chevron_long, v_alt_pattern_5,
          nicolae_vaults_circle_grid_a, nicolae_vaults_offset_grid_hallway_2,
          v_misc_18, vaults_room_grunt_arrival_checkpoint, vaults_room_corners,
          nicolae_vaults_cochlea, st_more_cells, vaults_mumra_hexcomb,
          nicolae_vaults_sesquioval_fish, grunt_vaults_hallway_short,
          nicolae_vaults_house_2, layout_vaults_chaotic_city, serial_shops,
          nicolae_shop_hallway_stairs, nicolae_square_shop
Vaults:2: hangedman_vaults_stream, v_rooms_4,
          nicolae_vaults_offset_grid_hallway_1, nicolae_vaults_sightless_eye,
          vaults_room_ringed_pool, hangedman_vaults_slice,
          nicolae_vaults_border_crossing, minmay_crypt_entry_nasty_monster,
          ontoclasm_vaults_claustrophobia, nicolae_vaults_tetromino_L_1,
          layout_vaults_omnigrid, uniq_norris
Vaults:3: nicolae_vaults_big_ls, v_alt_pattern_6, v_misc_17,
          dpeg_vaults_monster_row, nicolae_vaults_offset_grid_hallway_4,
          v_misc_13, vaults_dpeg_ring, ontoclasm_vaults_spin, st_cells,
          vaults_dpeg_encased_lava, vaults_dpeg_hooks,
          vaults_dpeg_emergency_exit, layout_vaults_maze_snakey, uniq_zenata,
          uniq_mennas
Vaults:4: nicolae_vaults_angled_halls, vaults_standard_mumra_enter_the_diamond,
          v_misc_16, nicolae_vaults_shipping_containers_2,
          nicolae_vaults_storage_closets_2, nicolae_vaults_theta,
          ontoclasm_vaults_gateway, nicolae_vaults_house_3, vaults_mumra_lcd,
          nicolae_vaults_closet_pinwheel_4, v_alt_pattern_2, v_misc_16,
          v_misc_15, nicolae_vaults_oval_intersection, hangedman_vaults_nails,
          layout_vaults_omnibox, serial_shops, nicolae_shop_just_a_little_nook,
          uniq_sojobo
Vaults:5
Depths:1: layout_gridville, hangedman_geh_valley, fedhas_altar_fruit_tree,
          chequers_serial_rivers_large_a, hangedman_abyss_or_decor_lesser_grid,
          minmay_guarded_unrand_zonguldrok, uniq_enchantress
Depths:2: vault_1, layout_cave_shapes, hell_entry, rand_demon_pan_entry_7,
          minmay_staircase_bubble, abyss_entry, grunt_decor_one_mirror,
          hangedman_corner_corridor
Depths:3: minmay_the_grid_4x2 [minmay_the_grid_dragon_b,
          minmay_the_grid_square_x, minmay_the_grid_garden,
          minmay_the_grid_minigrid_medium, minmay_the_grid_embedded,
          minmay_the_grid_outer_circle, minmay_the_grid_fan,
          minmay_the_grid_prize_trominoes], layout_twisted_cross,
          enter_ziggurat_e, abyss_entry, nicolae_hepliaklqana_hazy_memory,
          hell_entry, mu_enter_wizlab_5, minmay_misc_feat_columns,
          serial_bayou_pond_e
Depths:4: grunt_zot_entry_gee_three, layout_cave_pools, serial_shops,
          shop_scrolls, nicolae_figureground_sparkle, hell_entry
Zot:1:    hangedman_snap_crack_crunch, layout_onion_interference
Zot:2:    layout_misc_corridors, regret_index_zotdec_gossamer_parallel,
          gammafunk_ghost_crypt
Zot:3:    layout_basic
Zot:4:    layout_misc_corridors
Zot:5:    layout_basic, nicolae_zig_zag_zippers

Skill      XL: |  1  2  3  4  5  6  7  8  9 10 11 12 13 14 15 16 17 18 19 20 21 22 23 24 25 26 |
---------------+-------------------------------------------------------------------------------+-----
Polearms       | 3 4 6 7 9 12 14 17 19 21 23 24 | 24.6
Fighting       | 4 5 6 7 9 11 12 13 15 17 18 19 21 22 | 22.3
Dodging        | 8 13 18 | 18.7
Shields        | 7 10 12 13 | 13.6
Shapeshifting  | 6 15 19 21 24 | 24.1
Throwing       | 2 12 17 21 24 27 | 27.0
Armour         | |  2.1

Action                     |  1- 3 |  4- 6 |  7- 9 | 10-12 | 13-15 | 16-18 | 19-21 | 22-24 | 25-27 || total
---------------------------+-------+-------+-------+-------+-------+-------+-------+-------+-------++-------
  Melee: Trident           |   103 |    72 |   292 |   448 |   952 |  1502 |  1237 |       |       ||  4606
         Tailslap          |       |     1 |     2 |     2 |       |    52 |    14 |       |     2 ||    73
         Demon trident     |       |       |       |       |       |       |   445 |  1331 |   859 ||  2635
  Throw: Throwing net      |       |       |       |     1 |     3 |     3 |       |       |     1 ||     8
 Invoke: Call Merchant     |       |       |       |     1 |     2 |     2 |     2 |       |       ||     7
         Potion Petition   |       |       |       |       |     4 |     3 |       |     1 |     7 ||    15
         Bribe Branch      |       |       |       |       |       |       |       |       |     3 ||     3
  Evoke: Wand              |       |       |       |     3 |       |     1 |     4 |     1 |    11 ||    20
         Phantom mirror    |       |       |       |     1 |       |     2 |     1 |       |       ||     4
         Condenser vane    |       |       |       |       |     2 |     2 |     2 |       |     1 ||     7
         Phial of floods   |       |       |       |       |       |     2 |       |       |       ||     2
         Box of beasts     |       |       |       |       |       |     1 |       |       |       ||     1
         Lightning rod     |       |       |       |       |       |       |       |       |     4 ||     4
    Use: Scroll            |     3 |     2 |    15 |     8 |    12 |    16 |    13 |     1 |    12 ||    82
         Potion            |       |     2 |     1 |     4 |     7 |     3 |     4 |     3 |    17 ||    41
   Stab: Distracted        |       |     1 |     1 |     4 |     8 |    14 |    18 |    17 |    16 ||    79
         Held in net/web   |       |       |       |       |     3 |       |       |       |       ||     3
         Sleeping          |       |       |       |       |     3 |       |    15 |    19 |     5 ||    42
         Invisible         |       |       |       |       |       |     4 |       |       |     5 ||     9
         Petrified         |       |       |       |       |       |     7 |       |       |       ||     7
 Armour: Scale mail        |    49 |    25 |    97 |       |       |       |       |       |       ||   171
         Plate armour      |       |       |     4 |   360 |   206 |   753 |    31 |       |       ||  1354
         Skin              |       |       |       |       |     5 |       |   813 |   448 |   466 ||  1732
         Swamp dragon scal |       |       |       |       |   335 |       |       |       |       ||   335
  Dodge: Dodged            |    30 |    14 |    44 |    60 |   282 |   469 |   925 |   413 |   380 ||  2617
  Block: Buckler           |     8 |     9 |     8 |       |       |       |       |       |       ||    25
         Kite shield       |       |       |    36 |   255 |   512 |   940 |  1081 |   467 |   339 ||  3630
   Form: Statue            |       |       |       |       |       |       |     1 |       |       ||     1

Table legend: (Time is in decaauts)
 A = Elapsed time spent in this place.
 B = Non-inter-level travel time spent in this place.
 C = Inter-level travel time spent in this place.
 D = Time resting spent in this place.
 E = Time spent auto-exploring this place.
 F = Levels seen in this place.
 G = Mean time per level.
                   A        B        C        D        E       F      G
               +--------+--------+--------+--------+--------+-----+--------+
         Total |  61607 |  56338 |   5269 |   3500 |  39987 |  50 | 1232.1 |
       Dungeon |  16976 |  14629 |   2347 |    919 |  11041 |  15 | 1131.7 |
        Temple |     24 |      2 |     22 |      0 |      0 |   1 |   24.0 |
          Lair |   7351 |   6707 |    644 |    632 |   4726 |   5 | 1470.2 |
        Shoals |   3227 |   2911 |    316 |    234 |   1619 |   4 |  806.8 |
     Snake Pit |   5772 |   5461 |    311 |    387 |   3793 |   4 | 1443.0 |
  Orcish Mines |   2653 |   2415 |    238 |    804 |   1033 |   2 | 1326.5 |
   Elven Halls |   4077 |   3872 |    205 |     81 |   2721 |   3 | 1359.0 |
        Vaults |  10119 |   9518 |    601 |      4 |   7449 |   5 | 2023.8 |
        Depths |   5295 |   5114 |    181 |      7 |   3844 |   4 | 1323.8 |
           Zot |   4676 |   4275 |    401 |    429 |   2902 |   5 |  935.2 |
         Sewer |    133 |    133 |      0 |      0 |     81 |   1 |  133.0 |
    Desolation |   1298 |   1298 |      0 |      0 |    775 |   1 | 1298.0 |
               +--------+--------+--------+--------+--------+-----+--------+

Top non-repeatable levels by time:
Vaults:5: 2454 daAuts
  Lair:5: 2110 daAuts
   Elf:3: 2055 daAuts
Vaults:1: 1992 daAuts
Vaults:2: 1982 daAuts
Depths:2: 1919 daAuts
Vaults:4: 1910 daAuts
 Snake:4: 1874 daAuts
    D:10: 1827 daAuts
Vaults:3: 1780 daAuts
  Lair:4: 1768 daAuts
 Snake:2: 1742 daAuts
    D:13: 1720 daAuts
     D:4: 1576 daAuts
   Orc:1: 1501 daAuts
